[Event "Titled Tuesday Blitz June 13 Early 2023"]
[White "Arutinian, David"]
[Black "Chen, Justin"]
[WhiteFideId "13601741"]
[BlackFideId "2098199"]
[WhiteElo "2525"]
[BlackElo "2289"]
[Result "1-0"]
[Round "3"]
[TimeControl "180+2"]
[Date "2023.06.13"]
[WhiteClock "0:01:01"]
[BlackClock "0:00:00"]
[Board "33"]

1. Nf3 d5 2. e3 Nf6 3. c4 c6 4. Nc3 a6 5. b3 Bg4 6. Bb2 e6 7. h3 Bh5 8. d4 Nbd7 9. Be2 Bd6 10. O-O O-O 11. Nd2 Bxe2 12. Qxe2 Qe7 13. e4 dxe4 14. Ndxe4 Ba3 15. Bxa3 Qxa3 16. c5 Nxe4 17. Nxe4 e5 18. dxe5 Nxe5 19. Nd6 Qxc5 20. Nxb7 Qb5 21. Rfe1 Qxb7 22. Qxe5 a5 23. Qc5 a4 24. b4 a3 25. Rac1 h6 26. Re7 Qb5 27. Qxb5 cxb5 28. Rcc7 Ra4 29. Re4 Rd8 30. Rf4 Rd2 31. Rfxf7 Rxa2 32. Rxg7+ Kh8 33. Rge7 Ra8 34. Ra7 Rxa7 35. Rxa7 Rb2 36. Rxa3 Rxb4 37. Ra7 Rb2 38. Rb7 Kg8 39. g4 Kf8 40. Kg2 Kg8 41. Kg3 Rb4 42. f3 Rb3 43. h4 Kh8 44. g5 hxg5 45. hxg5 Kg8 46. Kg4 Rb4+ 47. f4 Rb2 48. Kf5 b4 49. Kf6 1-0


[Site "https://www.chess.com"]

[Event "Titled Tuesday Blitz June 13 Early 2023"]
[White "Orlov, Georgi"]
[Black "Gorovets, Andrey"]
[WhiteFideId "2011271"]
[BlackFideId "13504037"]
[WhiteElo "2642"]
[BlackElo "2459"]
[Result "1/2-1/2"]
[Round "3"]
[TimeControl "180+2"]
[Date "2023.06.13"]
[WhiteClock "0:00:05"]
[BlackClock "0:00:03"]
[Board "34"]

1. d4 Nf6 2. Nf3 b6 3. c4 e6 4. g3 Bb7 5. Bg2 g6 6. O-O Bg7 7. Nc3 Ne4 8. Nxe4 Bxe4 9. Bg5 Qc8 10. Qd2 h6 11. Be3 d6 12. d5 e5 13. b4 Qb7 14. Rfd1 a5 15. c5 g5 16. cxd6 cxd6 17. h4 g4 18. Ne1 Bxg2 19. Nxg2 Nd7 20. Rab1 axb4 21. Qxb4 Ke7 22. Qxg4 Bf6 23. Bc1 Rxa2 24. Ne3 h5 25. Nf5+ Kd8 26. Qc4 Qa6 27. Qxa6 Rxa6 28. Nxd6 Rh7 29. Be3 Be7 30. Nc4 Bc5 31. Bxc5 Nxc5 32. Nxe5 Ra2 33. Kf1 f6 34. Nc4 Re7 35. Rd2 Rxd2 36. Nxd2 Rb7 37. Nc4 Kc7 38. Rb5 Nd7 39. e4 Ra7 40. d6+ Kc6 41. Rxh5 b5 42. Ne3 Nc5 43. Nd5 Nxe4 44. Nb4+ Kxd6 45. Rxb5 Ke6 46. Nd3 Ra3 47. Nf4+ Kf7 48. Rb7+ Ke8 49. Rb4 f5 50. Rb5 Ra2 51. Nd3 Rd2 52. Re5+ Kd8 53. Rd5+ Ke7 54. h5 Nxf2 55. Nf4 Ne4 56. h6 Rh2 57. Rxf5 Nxg3+ 58. Kg1 Nxf5 59. Kxh2 Nxh6 1/2-1/2


[Site "https://www.chess.com"]

[Event "Titled Tuesday Blitz June 13 Early 2023"]
[White "Sourath Biswas"]
[Black "Harsha Bharathakoti"]
[WhiteFideId "35091484"]
[BlackFideId "5078776"]
[WhiteElo "2171"]
[BlackElo "2504"]
[Result "0-1"]
[Round "3"]
[TimeControl "180+2"]
[Date "2023.06.13"]
[WhiteClock "0:00:04"]
[BlackClock "0:00:30"]
[Board "35"]

1. Nf3 g6 2. d4 Bg7 3. g3 c5 4. c3 b6 5. Bg2 Bb7 6. O-O Nf6 7. b3 O-O 8. Bb2 d6 9. c4 cxd4 10. Bxd4 Nbd7 11. Bb2 Rc8 12. Nc3 Rc5 13. Qd2 Qa8 14. Rad1 a6 15. Rfe1 Rfc8 16. Nh4 Bxg2 17. Nxg2 b5 18. Ne3 bxc4 19. bxc4 Nb6 20. Ncd5 Nfxd5 21. Nxd5 Nxd5 22. Bxg7 Rxc4 23. Ba1 Nc7 24. Qg5 Re8 25. Rc1 Ne6 26. Qh6 Rec8 27. Rxc4 Rxc4 28. h3 Qe4 29. e3 f6 30. Rd1 Qf3 31. Rf1 Rc2 32. e4 Qxe4 33. Rc1 Rxc1+ 34. Qxc1 Kf7 35. Bc3 Qc4 36. Qa3 d5 37. Bd2 d4 38. Qa5 d3 39. Kh2 Nd4 40. Be3 Nf3+ 41. Kg2 Qc6 42. Kf1 Ne5 43. Bd4 Qh1# 0-1


[Site "https://www.chess.com"]

[Event "Titled Tuesday Blitz June 13 Early 2023"]
[White "Bacrot, Etienne"]
[Black "Domingo Nunez, Alejandro"]
[WhiteFideId "605506"]
[BlackFideId "22245561"]
[WhiteElo "2672"]
[BlackElo "2291"]
[Result "1-0"]
[Round "3"]
[TimeControl "180+2"]
[Date "2023.06.13"]
[WhiteClock "0:00:30"]
[BlackClock "0:00:06"]
[Board "36"]

1. e4 g6 2. Nf3 Bg7 3. d4 c6 4. Bd3 d5 5. Nbd2 dxe4 6. Nxe4 Nf6 7. h3 O-O 8. O-O Nxe4 9. Bxe4 Qc7 10. c3 Nd7 11. Re1 e5 12. dxe5 Nxe5 13. Bf4 Nxf3+ 14. Qxf3 Qb6 15. Bd6 Rd8 16. Ba3 Be6 17. h4 Bd5 18. h5 Qb5 19. hxg6 hxg6 20. Qf4 Bxe4 21. Rxe4 c5 22. Re7 Rf8 23. Rd1 Rae8 24. Rdd7 Rxe7 25. Rxe7 a6 26. c4 Qa5 27. g3 b6 28. Kg2 Bd4 29. Rd7 Bg7 30. Qe4 Qa4 31. Qd5 Qc2 32. Qd3 Qxd3 33. Rxd3 Bd4 34. Rxd4 cxd4 35. Bxf8 Kxf8 36. Kf3 f5 37. Ke2 Ke7 38. Kd3 Ke6 39. Kxd4 Kd6 40. b4 1-0


[Site "https://www.chess.com"]

[Event "Titled Tuesday Blitz June 13 Early 2023"]
[White "ArtemDyachuk"]
[Black "Timofeev, Artyom"]
[BlackFideId "4140419"]
[WhiteElo "2618"]
[BlackElo "2570"]
[Result "1-0"]
[Round "3"]
[TimeControl "180+2"]
[Date "2023.06.13"]
[WhiteClock "0:00:04"]
[BlackClock "0:00:00"]
[Board "37"]

1. Nf3 d5 2. e3 Nf6 3. b3 g6 4. Bb2 Bg7 5. c4 c6 6. Be2 O-O 7. Nc3 Bf5 8. O-O a6 9. Rc1 Re8 10. cxd5 cxd5 11. d4 Nbd7 12. b4 Rc8 13. Qb3 Nb6 14. Ne5 Be6 15. a4 Ne4 16. Rfd1 Nxc3 17. Bxc3 Nd7 18. Nd3 g5 19. Nc5 Nxc5 20. bxc5 Qd7 21. Rb1 Rb8 22. Bd3 Bf6 23. Qc2 h6 24. Rb6 Qc7 25. Rdb1 Bd7 26. Ba5 Bc6 27. Qe2 e5 28. Qh5 Bg7 29. h4 exd4 30. hxg5 dxe3 31. gxh6 exf2+ 32. Kf1 Qe5 33. Qg4 Bxa4 34. Qxg7+ Qxg7 35. hxg7 Bc6 36. Bxa6 Ra8 37. Rxc6 bxc6 38. Rb6 d4 39. Bd2 Rab8 40. Bb7 Rxb7 41. Rxb7 d3 42. Rd7 Re2 43. Rxd3 Re5 44. Kxf2 Rxc5 45. Bc3 Rf5+ 46. Kg1 f6 47. Rd7 Rf4 48. Bd4 c5 49. Bf2 c4 50. Rc7 Rg4 51. Be3 Rxg7 52. Rxc4 Re7 53. Bf2 Kf7 54. Rf4 Kg6 55. Rf3 Re6 56. Kh2 f5 57. Kg3 Re4 58. Rf4 Re2 59. Bd4 Ra2 60. Rf3 Ra4 61. Be3 Rg4+ 62. Kf2 Re4 63. Bf4 Re6 64. Rg3+ Kf7 65. Be3 Rc6 66. Bd4 Rc4 67. Rd3 Ke6 68. Ke3 Ra4 69. g3 Kf7 70. Kf4 Kg6 71. Kf3 Rb4 72. Be3 Rc4 73. Bf4 Ra4 74. Rd6+ Kf7 75. Kg2 Ra1 76. Rb6 Ra2+ 77. Kh3 Ra8 78. Kh4 Rg8 79. Rb7+ Ke6 80. Rb6+ Kf7 81. Kh5 Rh8+ 82. Kg5 Rc8 83. Rb7+ Ke6 84. Rb6+ Kf7 85. Kxf5 Rc5+ 86. Be5 Ra5 87. g4 Ke7 88. Rb7+ Ke8 89. g5 Ra6 90. g6 Kf8 91. Rb8+ Ke7 92. g7 Ra8 93. Rxa8 1-0


[Site "https://www.chess.com"]

[Event "Titled Tuesday Blitz June 13 Early 2023"]
[White "Zemlyanskii, Ivan"]
[Black "Chernobay, Artem"]
[WhiteFideId "24249971"]
[BlackFideId "4167406"]
[WhiteElo "2421"]
[BlackElo "2474"]
[Result "0-1"]
[Round "3"]
[TimeControl "180+2"]
[Date "2023.06.13"]
[WhiteClock "0:00:00"]
[BlackClock "0:00:04"]
[Board "38"]

1. d4 Nf6 2. c4 g6 3. h4 Bg7 4. Nc3 d6 5. e4 O-O 6. Be2 c5 7. d5 e6 8. h5 exd5 9. exd5 a6 10. h6 Bh8 11. a4 Re8 12. Bg5 Qb6 13. b3 Bg4 14. Kf1 Bf5 15. Rc1 Qc7 16. g3 Ne4 17. Nxe4 Bxe4 18. Rh4 Bf5 19. Bd3 Bxd3+ 20. Qxd3 Nd7 21. Re4 Ne5 22. Qe2 Qd7 23. Re1 Kf8 24. Kg2 b5 25. cxb5 axb5 26. axb5 Rab8 27. b6 f6 28. Bd2 f5 29. Re3 Qf7 30. f4 Qxd5+ 31. Kh3 Qh1+ 32. Qh2 Qxh2+ 33. Kxh2 Ng4+ 34. Kg2 Nxe3+ 35. Bxe3 Rxb6 36. Nf3 Rxb3 37. Kf2 Rb2+ 38. Kf1 Bc3 39. Ng5 Bxe1 40. Nxh7+ Ke7 41. Bc1 Rb1 42. Ba3 Bxg3+ 43. Kg2 Bxf4 44. Ng5 Bxg5 45. h7 Bf6 46. Bxc5 dxc5 47. h8=Q Rxh8 0-1


[Site "https://www.chess.com"]

[Event "Titled Tuesday Blitz June 13 Early 2023"]
[White "Arencibia Monduy, Antonio"]
[Black "Yeletsky, Ivan"]
[WhiteFideId "3507939"]
[BlackFideId "24180327"]
[WhiteElo "2566"]
[BlackElo "2380"]
[Result "1/2-1/2"]
[Round "3"]
[TimeControl "180+2"]
[Date "2023.06.13"]
[WhiteClock "0:00:07"]
[BlackClock "0:00:05"]
[Board "39"]

1. e4 c5 2. Nf3 e6 3. c3 d5 4. exd5 exd5 5. d4 Nf6 6. Bd3 Nc6 7. O-O cxd4 8. Re1+ Be7 9. cxd4 O-O 10. h3 h6 11. Nc3 Bb4 12. Bf4 Re8 13. Rxe8+ Qxe8 14. Qb3 Be6 15. Rc1 Qe7 16. a3 Ba5 17. Na4 Ne4 18. Qd1 Re8 19. Bb5 Bd7 20. b4 Bd8 21. Nc5 Nxc5 22. dxc5 Qe4 23. Bd6 Bf6 24. Bd3 Qe6 25. Qc2 Nd4 26. Nxd4 Bxd4 27. Rd1 Be5 28. Bxe5 Qxe5 29. Bf1 Be6 30. g3 d4 31. Bg2 Bd5 32. Bxd5 Qxd5 33. Qd2 d3 34. Kh2 Re2 35. Qf4 d2 36. g4 a6 37. Kg3 g6 38. Qf3 Qe5+ 39. Kg2 Kg7 40. Qd3 h5 41. Rxd2 Re1 42. Qd4 h4 43. Qxe5+ Rxe5 44. Rd3 Re2 45. Kf3 Ra2 46. Rc3 Kf6 47. Ke3 Ke5 48. Rd3 f5 49. f4+ Ke6 50. g5 Rb2 51. Kd4 Rf2 52. Re3+ Kd7 53. Ke5 Ke7 54. Kd5+ Kd7 55. Ke5 Ke7 56. Rd3 Re2+ 57. Kd5 Re4 58. c6 bxc6+ 59. Kxc6 Rxf4 60. Kb6 Rf1 61. Kxa6 f4 62. b5 f3 63. b6 f2 64. Rf3 Kd6 65. Kb7 Kc5 66. a4 Rb1 67. Rxf2 Rxb6+ 68. Kc7 Rb3 69. Rf6 Rxh3 70. Rxg6 Ra3 71. Rh6 h3 72. Kd7 Rxa4 73. Ke6 Ra6+ 74. Kf7 Rxh6 75. gxh6 h2 76. h7 h1=Q 77. Kg7 Qg2+ 78. Kf8 Qf3+ 79. Kg7 Qg4+ 80. Kf8 Qf5+ 81. Kg7 Qg5+ 82. Kf8 Qh6+ 83. Kg8 Qg6+ 84. Kh8 Qf5 85. Kg7 Kd6 86. h8=Q Qg5+ 87. Kf7 Qd5+ 88. Kg6 Qe4+ 89. Kf7 Qf5+ 90. Qf6+ Qxf6+ 91. Kxf6 1/2-1/2


[Site "https://www.chess.com"]

[Event "Titled Tuesday Blitz June 13 Early 2023"]
[White "Lymar, Vladislav"]
[Black "Lintchevski, Daniil"]
[WhiteFideId "14162180"]
[BlackFideId "4171055"]
[WhiteElo "2234"]
[BlackElo "2559"]
[Result "0-1"]
[Round "3"]
[TimeControl "180+2"]
[Date "2023.06.13"]
[WhiteClock "0:01:13"]
[BlackClock "0:02:32"]
[Board "40"]

1. d4 d5 2. c4 dxc4 3. Nf3 Nf6 4. e3 e6 5. Bxc4 c5 6. O-O a6 7. a4 Nc6 8. Qe2 cxd4 9. Rd1 Be7 10. exd4 O-O 11. Nc3 Nd5 12. h3 Ncb4 13. Ne4 b6 14. Ne5 Bb7 15. Be3 Nxe3 16. Qxe3 Nc2 17. Qd3 Nxa1 18. Rxa1 b5 19. axb5 axb5 20. Rxa8 Qxa8 0-1


[Site "https://www.chess.com"]

[Event "Titled Tuesday Blitz June 13 Early 2023"]
[White "Chigaev, Maksim"]
[Black "Mendez Fortes, Eduardo Jesus"]
[WhiteFideId "4108116"]
[BlackFideId "3502376"]
[WhiteElo "2561"]
[BlackElo "2307"]
[Result "1/2-1/2"]
[Round "3"]
[TimeControl "180+2"]
[Date "2023.06.13"]
[WhiteClock "0:00:05"]
[BlackClock "0:00:14"]
[Board "41"]

1. e4 c5 2. Nf3 d6 3. d4 cxd4 4. Qxd4 Nc6 5. Bb5 Bd7 6. Qd3 Nf6 7. c4 g6 8. O-O Bg7 9. Nc3 O-O 10. h3 Rc8 11. Be3 a6 12. Bxc6 Bxc6 13. Nd4 Nd7 14. Rac1 Nc5 15. Qc2 Ne6 16. Qd2 Kh8 17. Rfd1 Qa5 18. Nxe6 fxe6 19. Bd4 Bxd4 20. Qxd4+ e5 21. Qe3 b5 22. c5 b4 23. Nd5 Bxd5 24. Rxd5 Qxa2 25. cxd6 exd6 26. Rxc8 Rxc8 27. Qg5 Rf8 28. Qe7 Kg8 29. Rxd6 Qxb2 30. f3 Qc1+ 31. Kh2 Qf4+ 32. Kh1 Qc1+ 33. Kh2 Qf4+ 34. Kh1 b3 35. Rb6 b2 36. Qe6+ Kh8 37. Qb3 Rd8 38. Rb8 Qc1+ 39. Kh2 Rxb8 40. Qxb8+ Kg7 41. Qxe5+ Kh6 42. f4 b1=Q 43. Qg5+ Kg7 44. Qe7+ Kg8 45. Qe8+ Kg7 46. Qe7+ Kh6 47. Qh4+ Kg7 48. Qe7+ 1/2-1/2


[Site "https://www.chess.com"]

[Event "Titled Tuesday Blitz June 13 Early 2023"]
[White "Krzyzanowski, Marcin"]
[Black "Arat, Ufuk Sezen"]
[WhiteFideId "1132199"]
[BlackFideId "6309089"]
[WhiteElo "2471"]
[BlackElo "2289"]
[Result "1-0"]
[Round "3"]
[TimeControl "180+2"]
[Date "2023.06.13"]
[WhiteClock "0:00:08"]
[BlackClock "0:00:06"]
[Board "42"]

1. Nf3 Nf6 2. g3 d5 3. Bg2 g6 4. c4 c6 5. O-O dxc4 6. a4 Bg7 7. Na3 Bg4 8. Nxc4 O-O 9. d3 Nbd7 10. a5 Bxf3 11. Bxf3 Nd5 12. Bg2 b5 13. Nd2 a6 14. Nb3 e6 15. e4 Ne7 16. d4 Rc8 17. Be3 e5 18. Rc1 exd4 19. Bxd4 Bxd4 20. Qxd4 c5 21. Qe3 c4 22. Nd4 Nc5 23. f4 Ne6 24. Nxe6 fxe6 25. Rfd1 Qxa5 26. Ra1 Qb4 27. Rxa6 c3 28. bxc3 Rxc3 29. Qd4 Qxd4+ 30. Rxd4 Rb8 31. Rxe6 Kf7 32. Bh3 b4 33. Rd7 Re8 34. Rb6 b3 35. Be6+ Kf8 36. Bxb3 Rc1+ 37. Kg2 Re1 38. Rf6+ Kg7 39. Rf7+ Kh6 40. Rfxe7 Re2+ 41. Kh3 Rxe7 42. Rxe7 Rb2 43. Bg8 g5 44. Rxh7+ Kg6 45. f5+ Kf6 46. Rf7+ Ke5 47. Kg4 Rxh2 48. Re7+ Kf6 49. Re6+ Kg7 50. Re8 Re2 51. e5 Re4+ 52. Kxg5 Re3 53. f6+ Kh8 54. Bf7+ Kh7 55. Bg6# 1-0


[Site "https://www.chess.com"]

[Event "Titled Tuesday Blitz June 13 Early 2023"]
[White "Lehtosaari, Mauri"]
[Black "Beerdsen, Thomas"]
[WhiteFideId "501999"]
[BlackFideId "1030108"]
[WhiteElo "2555"]
[BlackElo "2553"]
[Result "1-0"]
[Round "3"]
[TimeControl "180+2"]
[Date "2023.06.13"]
[WhiteClock "0:00:10"]
[BlackClock "0:00:03"]
[Board "43"]

1. d4 Nf6 2. Nf3 a6 3. Bg5 b5 4. Nbd2 Bb7 5. e3 e6 6. Bd3 c5 7. c3 Nc6 8. O-O Be7 9. a4 c4 10. Bc2 d5 11. Bxf6 Bxf6 12. e4 O-O 13. Re1 b4 14. Rc1 Qa5 15. exd5 exd5 16. Ne5 Bxe5 17. dxe5 bxc3 18. bxc3 g6 19. Nf3 Rfe8 20. Qd2 Kg7 21. h4 d4 22. Nxd4 Nxe5 23. Qg5 Kg8 24. h5 Rad8 25. h6 Rxd4 26. Qf6 Kf8 27. cxd4 Nf3+ 28. gxf3 Rxe1+ 29. Rxe1 Qxe1+ 30. Kg2 Qe6 31. Qd8+ Qe8 32. Qf6 Qd7 33. Qh8+ Ke7 34. Qe5+ Kd8 35. Qh8+ Kc7 36. Qe5+ Qd6 37. Kg3 Qxe5+ 38. dxe5 Bc8 39. Kf4 Kd8 40. Ke3 Ke7 41. Kd4 Be6 42. Be4 f6 43. exf6+ Kxf6 44. a5 Kg5 45. Bb7 Kxh6 46. Bxa6 Kg5 47. Bxc4 Bxc4 48. Kxc4 h5 49. a6 h4 50. a7 h3 51. a8=Q h2 52. f4+ Kxf4 53. Qg2 h1=Q 54. Qxh1 1-0


[Site "https://www.chess.com"]

[Event "Titled Tuesday Blitz June 13 Early 2023"]
[White "Chos, Alexey"]
[Black "Xu, Yi"]
[WhiteFideId "14117762"]
[BlackFideId "8605564"]
[WhiteElo "2234"]
[BlackElo "2460"]
[Result "0-1"]
[Round "3"]
[TimeControl "180+2"]
[Date "2023.06.13"]
[WhiteClock "0:00:00"]
[BlackClock "0:00:10"]
[Board "44"]

1. b3 e5 2. Bb2 Nc6 3. g3 d5 4. Bg2 Nf6 5. e3 Be7 6. Ne2 O-O 7. d3 Be6 8. Nd2 Qd7 9. O-O Bh3 10. d4 Bxg2 11. Kxg2 e4 12. h3 h5 13. c4 Nb4 14. cxd5 Nbxd5 15. Nc4 h4 16. Ne5 Qe6 17. g4 Nh7 18. Nc3 Ng5 19. Qc2 Nxc3 20. Bxc3 Bd6 21. Bb2 f5 22. Qc4 Bxe5 23. Qxe6+ Nxe6 24. dxe5 fxg4 25. hxg4 Rf3 26. Rad1 Raf8 27. Rd2 Kh7 28. Rh1 g5 29. Rh3 Rxh3 30. Kxh3 Kg6 31. Kg2 Rd8 32. Rc2 c5 33. Bc1 b5 34. a4 a6 35. axb5 axb5 36. Ba3 b4 37. Bb2 Rd3 38. Ba1 Rxb3 39. Rd2 Rd3 40. Ra2 Ra3 41. Rxa3 bxa3 42. f3 exf3+ 43. Kxf3 c4 44. Bc3 Kf7 45. Ba1 Ke8 0-1


[Site "https://www.chess.com"]

[Event "Titled Tuesday Blitz June 13 Early 2023"]
[White "Harutjunyan, Gevorg"]
[Black "Kochiev, Ivan"]
[WhiteFideId "13300873"]
[BlackFideId "2917890"]
[WhiteElo "2474"]
[BlackElo "2287"]
[Result "1-0"]
[Round "3"]
[TimeControl "180+2"]
[Date "2023.06.13"]
[WhiteClock "0:00:19"]
[BlackClock "0:00:03"]
[Board "45"]

1. e4 c5 2. Nf3 d6 3. d4 cxd4 4. Nxd4 Nf6 5. Nc3 Nc6 6. Bg5 e6 7. Bb5 Bd7 8. Bxc6 bxc6 9. Qf3 e5 10. Nf5 Bxf5 11. Qxf5 Be7 12. O-O-O Rb8 13. Rd3 h6 14. Bh4 Qb6 15. b3 g6 16. Qf3 g5 17. Bg3 Nd7 18. Rhd1 Qa6 19. Kb1 Qa3 20. Qf5 Nc5 21. Rf3 Rf8 22. Qh3 a5 23. Qxh6 a4 24. Ne2 axb3 25. cxb3 Nxe4 26. Bxe5 g4 27. Bb2 Qa6 28. Re3 f5 29. Qg6+ Kd7 30. Nd4 Kc7 31. Ne6+ Kb7 32. Nxf8 Rxf8 33. Qh7 Re8 34. Qxf5 Ra8 35. Qxe4 Qxa2+ 36. Kc2 1-0


[Site "https://www.chess.com"]

[Event "Titled Tuesday Blitz June 13 Early 2023"]
[White "Akylbek2021"]
[Black "Kosakowski, Jakub"]
[BlackFideId "1185080"]
[WhiteElo "2495"]
[BlackElo "2488"]
[Result "0-1"]
[Round "3"]
[TimeControl "180+2"]
[Date "2023.06.13"]
[WhiteClock "0:00:09"]
[BlackClock "0:00:10"]
[Board "46"]

1. e4 e5 2. Nf3 Nc6 3. d4 exd4 4. Nxd4 Nf6 5. Nc3 Bb4 6. Nxc6 bxc6 7. Bd3 d5 8. exd5 O-O 9. O-O cxd5 10. Bd2 c6 11. a3 Bd6 12. h3 Rb8 13. b4 Bc7 14. Rb1 Qd6 15. f4 Re8 16. Qf3 Ne4 17. Be1 Bf5 18. Bxe4 Bxe4 19. Nxe4 Rxe4 20. Bd2 Rbe8 21. Kh1 h6 22. a4 Qg6 23. c3 Re2 24. Rbe1 Rxe1 25. Rxe1 Rxe1+ 26. Bxe1 Qb1 27. Qe3 Bxf4 28. Qxf4 Qxe1+ 29. Kh2 Qe7 30. Qb8+ Kh7 31. b5 cxb5 32. axb5 f6 33. Qc8 Qe5+ 34. Kg1 Qe3+ 35. Kh2 Qf4+ 36. Kg1 Qe4 37. Qc6 Qe3+ 38. Kh2 Qe5+ 39. Kh1 Kg6 40. Qc5 Qe4 41. Qxa7 Qb1+ 42. Kh2 Qxb5 43. Qd4 Qc6 44. Qd3+ Kf7 45. Kg1 Qc5+ 46. Kf1 Ke6 47. Qe2+ Kd6 48. Ke1 Qg1+ 49. Kd2 Qb1 50. Qg4 Qb2+ 51. Kd3 Qb1+ 52. Kd2 g5 53. Qc8 Qb2+ 54. Kd3 Qb5+ 55. Kd2 Qd7 56. Qb8+ Ke6 57. Qb6+ Kf5 58. Qf2+ Kg6 59. Qd4 Qf5 60. g4 Qf4+ 61. Qxf4 gxf4 62. Ke2 f5 63. Kf3 Kg5 64. h4+ Kxh4 65. gxf5 Kg5 66. f6 Kxf6 67. Kxf4 h5 68. Kg3 Kf5 69. Kh4 Ke4 70. Kxh5 Kd3 71. c4 Kxc4 0-1


[Site "https://www.chess.com"]

[Event "Titled Tuesday Blitz June 13 Early 2023"]
[White "Wojtaszek, Radoslaw"]
[Black "a-z30"]
[WhiteFideId "1118358"]
[WhiteElo "2586"]
[BlackElo "2444"]
[Result "1/2-1/2"]
[Round "3"]
[TimeControl "180+2"]
[Date "2023.06.13"]
[WhiteClock "0:01:15"]
[BlackClock "0:00:10"]
[Board "47"]

1. d4 d6 2. e4 Nf6 3. Nc3 g6 4. Nf3 Bg7 5. Be2 O-O 6. O-O Bg4 7. Bg5 Nc6 8. d5 Bxf3 9. Bxf3 Ne5 10. Be2 c6 11. Kh1 cxd5 12. exd5 Rc8 13. a4 Nc4 14. Rb1 a6 15. Re1 Nxb2 16. Rxb2 Rxc3 17. Rxb7 Ne4 18. Bxe7 Qc8 19. Qb1 Rxc2 20. Bxf8 Nxf2+ 21. Kg1 Bd4 22. Bg7 Nh3+ 23. Kh1 Nf2+ 24. Kg1 Nh3+ 25. Kh1 Nf2+ 26. Kg1 1/2-1/2


[Site "https://www.chess.com"]

[Event "Titled Tuesday Blitz June 13 Early 2023"]
[White "Gharibyan, Mamikon"]
[Black "Afanasieva, Alexandra"]
[WhiteFideId "13308300"]
[BlackFideId "34126926"]
[WhiteElo "2445"]
[BlackElo "1736"]
[Result "1-0"]
[Round "3"]
[TimeControl "180+2"]
[Date "2023.06.13"]
[WhiteClock "0:01:20"]
[BlackClock "0:00:01"]
[Board "48"]

1. e4 c5 2. Nf3 e6 3. g3 Nc6 4. Bg2 Nf6 5. Nc3 d5 6. exd5 exd5 7. O-O Bg4 8. h3 Bh5 9. Re1+ Be7 10. g4 Bg6 11. d3 O-O 12. Nh4 d4 13. Ne2 Nd5 14. Nxg6 fxg6 15. c4 Nf6 16. Nf4 Bd6 17. Ne6 Qd7 18. Nxf8 Rxf8 19. Bg5 Qf7 20. Qe2 h6 21. Bd2 Kh7 22. Qe6 Qc7 23. a3 Re8 24. Qxe8 Nxe8 25. Rxe8 Ne5 26. Re1 Nxd3 27. R1e6 Bh2+ 28. Kf1 Bf4 29. Be4 Ne5 30. Bxf4 1-0


[Site "https://www.chess.com"]

[Event "Titled Tuesday Blitz June 13 Early 2023"]
[White "Mekhitarian, Krikor Sevag"]
[Black "campochess"]
[WhiteFideId "2107660"]
[WhiteElo "2604"]
[BlackElo "2199"]
[Result "1-0"]
[Round "3"]
[TimeControl "180+2"]
[Date "2023.06.13"]
[WhiteClock "0:00:12"]
[BlackClock "0:00:00"]
[Board "49"]

1. Nf3 c5 2. c4 Nc6 3. Nc3 e6 4. d4 cxd4 5. Nxd4 Nge7 6. Ndb5 Ng6 7. Nd6+ Bxd6 8. Qxd6 Qe7 9. Qxe7+ Ngxe7 10. e4 a6 11. Bf4 e5 12. Be3 d6 13. O-O-O Be6 14. Rxd6 Rc8 15. Rd2 O-O 16. b3 b5 17. cxb5 axb5 18. Kb2 b4 19. Na4 Rfd8 20. Ba6 Rxd2+ 21. Bxd2 Rd8 22. Be3 f5 23. exf5 Nxf5 24. Bg5 Rd4 25. g3 h6 26. Bc1 Bd5 27. Re1 Kf7 28. Nb6 Bf3 29. Nc4 Kf6 30. Ne3 Nd6 31. Nc2 Re4 32. Rxe4 Nxe4 33. Be3 Bd1 34. Bb7 Nd4 35. Bxd4 Nd2 36. Be3 Nf1 37. Nxb4 Nxh2 38. a4 Ke6 39. a5 Be2 40. a6 1-0


[Site "https://www.chess.com"]

[Event "Titled Tuesday Blitz June 13 Early 2023"]
[White "Andreassen, Lars"]
[Black "Pranesh M"]
[WhiteFideId "1504878"]
[BlackFideId "35028600"]
[WhiteElo "2119"]
[BlackElo "2437"]
[Result "0-1"]
[Round "3"]
[TimeControl "180+2"]
[Date "2023.06.13"]
[WhiteClock "0:00:00"]
[BlackClock "0:00:15"]
[Board "50"]

1. d4 d5 2. Nf3 e6 3. c4 Nf6 4. Nc3 Nbd7 5. Bg5 dxc4 6. e3 Nb6 7. Ne5 h6 8. Bxf6 Qxf6 9. Nxc4 Nxc4 10. Bxc4 Bd6 11. e4 e5 12. d5 O-O 13. O-O a6 14. Be2 Qg6 15. Kh1 f5 16. f3 Qg5 17. exf5 Bxf5 18. Ne4 Bxe4 19. fxe4 Rxf1+ 20. Qxf1 Qd2 21. Rb1 Rf8 22. Bf3 g5 23. Qd1 Qf2 24. h3 Bc5 25. Qe1 Rxf3 26. gxf3 Qxf3+ 27. Kh2 Be3 28. Qf1 Bf4+ 29. Kg1 Qxe4 30. Re1 Qd4+ 31. Qf2 Qxd5 32. Qc2 Qd4+ 33. Kf1 Kg7 34. Rd1 Qe3 35. Qxc7+ Kg6 36. Rd6+ Kh5 37. Qf7+ Kh4 38. Rxh6+ Kg3 39. Qb3 Qxb3 40. axb3 Kf3 41. Rb6 e4 42. Rxb7 Bd6 43. Rf7+ Ke3 0-1


[Site "https://www.chess.com"]

[Event "Titled Tuesday Blitz June 13 Early 2023"]
[White "Shimanov, Aleksandr"]
[Black "Kumsiashvili, Nikoloz"]
[WhiteFideId "4198603"]
[BlackFideId "13600621"]
[WhiteElo "2631"]
[BlackElo "2299"]
[Result "1-0"]
[Round "3"]
[TimeControl "180+2"]
[Date "2023.06.13"]
[WhiteClock "0:00:08"]
[BlackClock "0:00:00"]
[Board "51"]

1. c4 e5 2. Nc3 Nc6 3. e3 g6 4. d4 Bg7 5. Nge2 d6 6. g3 h5 7. h3 h4 8. g4 f5 9. gxf5 Bxf5 10. d5 Nce7 11. e4 Bd7 12. Bg5 Bf6 13. Be3 g5 14. Qd2 Ng6 15. O-O-O Nf4 16. Kb1 Ne7 17. Nc1 Neg6 18. c5 g4 19. hxg4 Bxg4 20. Bb5+ Kf7 21. Rdg1 Bf3 22. Rh2 h3 23. N1e2 Nxe2 24. Bxe2 Bg2 25. Bg4 Qf8 26. Be6+ Ke7 27. cxd6+ cxd6 28. a3 Nf4 29. Ka2 a6 30. Bf5 Bg5 31. Ne2 Qh6 32. Rgxg2 hxg2 33. Rxg2 Rag8 34. Rg3 Kf7 35. Rf3 1-0


[Site "https://www.chess.com"]

[Event "Titled Tuesday Blitz June 13 Early 2023"]
[White "Kramnik, Vladimir"]
[Black "Wadsworth, Matthew J"]
[WhiteFideId "4101588"]
[BlackFideId "415804"]
[WhiteElo "2703"]
[BlackElo "2347"]
[Result "1-0"]
[Round "3"]
[TimeControl "180+2"]
[Date "2023.06.13"]
[WhiteClock "0:00:35"]
[BlackClock "0:00:09"]
[Board "52"]

1. e4 c5 2. Nf3 e6 3. b3 Nc6 4. Bb2 a6 5. c4 h5 6. Nc3 Nge7 7. d4 cxd4 8. Nxd4 Ng6 9. Nxc6 bxc6 10. Qd2 Be7 11. f4 h4 12. Bd3 Qc7 13. e5 c5 14. O-O-O Bb7 15. Rhe1 Rh5 16. Kb1 O-O-O 17. Ne4 f5 18. exf6 gxf6 19. Nxf6 Bxf6 20. Bxf6 Rg8 21. g3 hxg3 22. hxg3 Rh3 23. f5 Nf8 24. Be5 d6 25. fxe6 Nxe6 26. Bf5 1-0


[Site "https://www.chess.com"]

[Event "Titled Tuesday Blitz June 13 Early 2023"]
[White "Ibadov, Dashgyn"]
[Black "Keymer, Vincent"]
[WhiteFideId "24107514"]
[BlackFideId "12940690"]
[WhiteElo "2208"]
[BlackElo "2669"]
[Result "0-1"]
[Round "3"]
[TimeControl "180+2"]
[Date "2023.06.13"]
[WhiteClock "0:00:00"]
[BlackClock "0:01:27"]
[Board "53"]

1. e4 c6 2. d4 d5 3. exd5 cxd5 4. Bd3 Nf6 5. h3 Nc6 6. c3 e5 7. dxe5 Nxe5 8. Nf3 Nxd3+ 9. Qxd3 Bd6 10. O-O O-O 11. Bg5 h6 12. Bh4 Bf4 13. Nbd2 Qb6 14. Bxf6 Qxf6 15. Nb3 Rd8 16. Rfe1 Bc7 17. Nbd4 a6 18. Re2 Bd7 19. Rae1 Bd6 20. Ne5 Be8 21. Nf5 Bb5 22. c4 dxc4 23. Qf3 c3 24. Nxh6+ Qxh6 25. Qxf7+ Kh7 26. Qf5+ g6 27. Nxg6 Bxe2 28. Ne7+ Kh8 29. Rxe2 Qc1+ 0-1


[Site "https://www.chess.com"]